 Dungeon Sprint DCSS version 0.30-a0-777-ga9a30cbeda (webtiles) character file.

Game seed: 11570449434304118480

13028 rocky1 the Impaler (level 12, 0/135 HPs)
             Began as a Naga Brigand on Feb 13, 2023.
             Was the Champion of Cheibriados.
             Slain by a black mamba (4 damage)
             ... in the Dungeon (Sprint VII: "The Pits").
             The game lasted 00:12:58 (3216 turns).

rocky1 the Impaler (Naga Brigand)                   Turns: 3216, Time: 00:12:59

Health: 0/135      AC:  6    Str: 32 (33) XL:     12   Next: 1%
Magic:  24/24      EV: 11    Int: 31 (32) God:    Cheibriados [******]
Gold:   35         SH:  0    Dex: 27 (29) Spells: 11/11 levels left

rFire   . . .      SeeInvis +    p - +1 trident (heavy)
rCold   . . .      Faith    .    (no shield)
rNeg    . . .      Spirit   .    b - +0 robe
rPois   +          Reflect  .    (no helmet)
rElec   .          Harm     .    c - +0 cloak
rCorr   .          Rampage  .    (no gloves)
Will    +....      NoTele   +    (no barding)
Stlth   +++++                    (no amulet)
HPRegen 0.42/turn                r - +3 ring of intelligence
MPRegen 0.19/turn                q - +3 ring of intelligence

@: afraid, slowed, studying Axes, very slow
A: AC +4, large, see invisible, deformed body, poison resistance, slowness 2,
spit poison 1, naga tail 1
a: Spit Poison, Renounce Religion, Bend Time, Temporal Distortion, Slouch, Step
From Time


You were in the Dungeon.
You worshipped Cheibriados.
Cheibriados was exalted by your worship.
You visited 1 branch You collected 35 gold pieces.

Inventory:

Hand Weapons
 a - the +7 staff of the Meek {protect, meekguard}
   (You found it in the Dungeon)
 p - a +1 heavy trident (weapon)
 v - a +2 halberd of venom
Missiles
 d - 14 poisoned darts
 e - 3 curare-tipped darts (quivered)
Armour
 b - a +0 robe (worn)
 c - a +0 cloak (worn)
 w - the +5 robe of Misfortune {Harm *Corrode *Slow EV+5}
   (You found it in the Dungeon)

   EV:        It affects your evasion (+5).
   *Corrode:  It may corrode you when you take damage.
   *Slow:     It may slow you when you take damage.
   Harm:      It increases damage dealt and taken.
Jewellery
 k - a ring of protection from fire
 q - a +3 ring of intelligence (right hand)
 r - a +3 ring of intelligence (left hand)
 u - the ring "Nyatweov" {Ice rElec Stlth+}
   (You found it in the Dungeon)

   [ring of ice]

   It enhances your ice magic.
   rF:        It makes you vulnerable to fire.
   rC:        It protects you from cold.
   rElec:     It insulates you from electricity.
   Stlth:     It makes you more stealthy.
 B - a ring of ice
Scrolls
 l - 5 scrolls of identify
 n - 5 scrolls of amnesia
 o - a scroll of summoning
 y - 6 scrolls of enchant weapon
 z - a scroll of fear
 A - 2 scrolls of fog
Potions
 f - 12 potions of heal wounds
 g - 7 potions of curing
 h - 4 potions of haste
 i - 4 potions of magic
 j - 4 potions of berserk rage
 m - 2 potions of invisibility
 s - 3 potions of might
 t - 2 potions of resistance
 C - a potion of flight
Miscellaneous
 x - a phantom mirror


   Skills:
 * Level 16.5 Fighting
 - Level 2.0(2.6) Short Blades
 + Level 2.6(3.0) Long Blades
 - Level 18.0 Polearms
 - Level 1.7 Throwing
 + Level 2.1 Armour
 + Level 2.5 Dodging
 - Level 10.7 Stealth
 - Level 16.5 Invocations


You had 11 spell levels left.
You didn't know any spells.
Your spell library contained the following spells:

 Spells                   Type           Power      Damage    Failure   Level
 Call Canine Familiar     Summ           0%         N/A       26%         3
 Portal Projectile        Hex/Tloc       0%         N/A       26%         3
 Leda's Liquefaction      Hex/Erth       0%         N/A       65%         4


Dungeon Overview and Level Annotations

Branches:
Dungeon (1/1)

Altars:
Ashenzari
Cheibriados
Dithmenos
Elyvilon
Fedhas
Gozag
Hepliaklqana
Kikubaaqudgha
Makhleb
Nemelex Xobeh
Okawaru
Qazlal
Ru
Sif Muna
Trog
Uskayaw
Vehumet
Wu Jian
Xom
Yredelemnul
Zin
The Shining One
Jiyva
Lugonu


Innate Abilities, Weirdness & Mutations

Your serpentine skin is tough. (AC +4)
You have supernaturally acute eyesight. (SInv)
Armour fits poorly on your strangely shaped body.
Your system is resistant to poisons. (rPois)
You cover ground very slowly.
You can spit poison.
You have a snake-like lower body.


Message History

The eidolon hits you.
You feel clumsy.
The black mamba bites you but does no damage.
You attempt to attack the eidolon, but flinch away in fear!
The black mamba bites you but does no damage.
The eidolon hits you. The eidolon barely misses you.
The black mamba barely misses you.
You attempt to attack the eidolon, but flinch away in fear!
The black mamba bites you but does no damage.
The black mamba barely misses you. The eidolon barely misses you.
The eidolon closely misses you. The black mamba barely misses you.
The eidolon hits you!!
* * * LOW HITPOINT WARNING * * *
The eidolon drains your vigour!
You feel as though you will be slow longer.
The eidolon misses you.
You closely miss the eidolon.
The eidolon is lightly damaged.
The black mamba bites you.
* * * LOW HITPOINT WARNING * * *
The black mamba bites you.
* * * LOW HITPOINT WARNING * * *
You are poisoned.
The black mamba poisons you! The eidolon hits you.
* * * LOW HITPOINT WARNING * * *
The eidolon hits you!
* * * LOW HITPOINT WARNING * * *
You feel dopey.
You feel better. The black mamba barely misses you.
The black mamba closely misses you.
The eidolon hits you but does no damage. x2
The black mamba barely misses you. The eidolon misses you.
The eidolon hits you!
* * * LOW HITPOINT WARNING * * *
You feel clumsy.
Okay, then.
You impale the eidolon!!
The eidolon is heavily damaged.
The black mamba bites you.
You die...

########################
................S.......
......†.........@W......
##############++########
# # # # # # #


You could see an eidolon (scary) and a black mamba.

Vanquished Creatures
  An apis (D)
  3 hydras (D)
  2 boulder beetles (D)
  A two-headed ogre (D)
  A death yak (D)
  2 sixfirhies (D)
  A phantasmal warrior (D)
  A lindwurm (D)
  An orc knight (D)
  A cyclops (D)
  2 orc sorcerers (D)
  A freezing wraith (D)
  An ice devil (D)
  A tarantella (D)
  A polar bear (D)
  A hornet (D)
  4 blink frogs (D)
  A tyrant leech (D)
  3 spriggans (D)
  A jumping spider (D)
  A shadow (D)
  A redback (D)
  A warg (D)
  An acid dragon (D)
  2 orc warriors (D)
  A large abomination (D)
  3 centaurs (D)
  2 wolves (D)
  A phantom (D)
  A kobold brigand (D)
  A necrophage (D)
  A gnoll sergeant (D)
  A scorpion (D)
  4 wights (D)
  A crimson imp (D)
  A quasit (D)
  A hound (D)
  An orc priest (D)
  A jelly (D)
  An iron imp (D)
  An orc wizard (D)
  An adder (D)
  4 gnolls (D)
  2 river rats (D)
  An ufetubus (D)
  2 adder zombies (D)
  An adder skeleton (D)
  2 orcs (D)
  A bat (D)
  An endoplasm (D)
  A giant cockroach (D)
  4 jackals (D)
  A ball python (D)
  A frilled lizard (D)
  A kobold (D)
  A rat (D)
82 creatures vanquished.

Notes
Turn   | Place    | Note
-------+----------+-------------------------------------------
     0 | D        | rocky1 the Naga Brigand began the quest for the Orb.
     0 | D        | Reached XP level 1. HP: 19/19 MP: 1/1
    17 | D        | Reached skill level 1 in Dodging
    20 | D        | Found a bloodstained altar of Trog.
    20 | D        | Found a shimmering blue altar of Sif Muna.
    20 | D        | Found a viscous altar of Jiyva.
    20 | D        | Found a hazy altar of Hepliaklqana.
    20 | D        | Found an opulent altar of Gozag.
    21 | D        | Found a glowing golden altar of the Shining One.
    21 | D        | Found a glowing silver altar of Zin.
    21 | D        | Found a basalt altar of Yredelemnul.
    21 | D        | Found a shimmering altar of Xom.
    21 | D        | Found an ornate altar of the Wu Jian Council.
    21 | D        | Found a sacrificial altar of Ru.
    21 | D        | Found a stormy altar of Qazlal.
    21 | D        | Found an iron altar of Okawaru.
    21 | D        | Found a sparkling altar of Nemelex Xobeh.
    21 | D        | Found a burning altar of Makhleb.
    21 | D        | Found a blossoming altar of Fedhas.
    21 | D        | Found a white marble altar of Elyvilon.
    21 | D        | Found a shadowy altar of Dithmenos.
    21 | D        | Found a snail-covered altar of Cheibriados.
    49 | D        | Found a radiant altar of Vehumet.
    49 | D        | Found a corrupted altar of Lugonu.
    50 | D        | Found an ancient bone altar of Kikubaaqudgha.
    50 | D        | Found a hide-covered altar of Uskayaw.
    50 | D        | Found a broken altar of Ashenzari.
    58 | D        | Became a worshipper of Cheibriados the Contemplative
    75 | D        | Noticed a scorpion
    80 | D        | Killed a scorpion
    81 | D        | Reached skill level 3 in Polearms
    81 | D        | Reached XP level 2. HP: 20/28 MP: 1/5
    81 | D        | Reached XP level 3. HP: 25/34 MP: 1/6
    87 | D        | Reached * piety under Cheibriados
    88 | D        | Reached skill level 4 in Polearms
    88 | D        | Reached XP level 4. HP: 31/44 MP: 1/7
   140 | D        | Reached ** piety under Cheibriados
   346 | D        | Noticed a phantom
   356 | D        | Reached *** piety under Cheibriados
   357 | D        | Reached skill level 5 in Invocations
   365 | D        | Killed a phantom
   365 | D        | Reached **** piety under Cheibriados
   366 | D        | Reached skill level 6 in Polearms
   366 | D        | Reached XP level 5. HP: 27/50 MP: 7/9
   518 | D        | Noticed a wolf
   518 | D        | Noticed a kobold brigand
   523 | D        | Killed a wolf
   524 | D        | Reached skill level 7 in Polearms
   524 | D        | Reached XP level 6. HP: 33/58 MP: 9/11
   524 | D        | Reached ***** piety under Cheibriados
   526 | D        | Reached skill level 10 in Stealth
   699 | D        | Reached skill level 5 in Fighting
   699 | D        | Reached skill level 8 in Polearms
   732 | D        | Reached ****** piety under Cheibriados
   733 | D        | Reached skill level 9 in Polearms
   733 | D        | Reached XP level 7. HP: 61/67 MP: 13/13
   735 | D        | Noticed a jumping spider
   736 | D        | Killed a jumping spider
   737 | D        | Reached skill level 10 in Polearms
   752 | D        | Reached skill level 11 in Polearms
   755 | D        | Reached skill level 12 in Polearms
   860 | D        | Noticed a six-headed hydra
   869 | D        | Reached XP level 8. HP: 67/74 MP: 14/14
   876 | D        | Killed a six-headed hydra
   877 | D        | Reached skill level 15 in Polearms
   952 | D        | Found the +7 staff of the Meek {protect, meekguard}
  1065 | D        | Noticed a boulder beetle
  1078 | D        | Reached XP level 9. HP: 26/81 MP: 9/16
  1079 | D        | Killed a boulder beetle
  1080 | D        | Reached skill level 16 in Polearms
  1080 | D        | Reached skill level 10 in Invocations
  1252 | D        | Noticed a freezing wraith
  1253 | D        | Noticed a two-headed ogre
  1253 | D        | Noticed a tyrant leech
  1256 | D        | Killed a tyrant leech
  1260 | D        | Reached skill level 17 in Polearms
  1260 | D        | Killed a two-headed ogre
  1263 | D        | Killed a freezing wraith
  1264 | D        | Reached skill level 18 in Polearms
  1264 | D        | Reached XP level 10. HP: 19/88 MP: 6/18
  1583 | D        | Noticed a cyclops
  1584 | D        | Noticed a phantasmal warrior
  1584 | D        | Noticed a spriggan rider
  1589 | D        | Killed a phantasmal warrior
  1590 | D        | Killed a cyclops
  1938 | D        | Reached skill level 10 in Fighting
  1942 | D        | Noticed a sixfirhy
  1946 | D        | Killed a sixfirhy
  2217 | D        | Noticed an orc sorcerer
  2220 | D        | Killed an orc sorcerer
  2222 | D        | Reached XP level 11. HP: 109/114 MP: 21/21
  2233 | D        | Noticed a lindwurm
  2233 | D        | Noticed a boulder beetle
  2233 | D        | Noticed an apis
  2234 | D        | Noticed an eight-headed hydra
  2234 | D        | Noticed an orc knight
  2240 | D        | Killed a lindwurm
  2240 | D        | Killed a boulder beetle
  2241 | D        | Reached skill level 15 in Invocations
  2241 | D        | Killed an eight-headed hydra
  2242 | D        | Killed an orc knight
  2243 | D        | Reached skill level 15 in Fighting
  2243 | D        | Killed an apis
  2280 | D        | Found the +5 robe of Misfortune {Harm *Corrode *Slow EV+5}
  2295 | D        | Got the ring "Nyatweov" {Ice rElec Stlth+}
  2436 | D        | Noticed a death yak
  2437 | D        | Noticed an orc sorcerer
  2438 | D        | Noticed a sixfirhy
  2442 | D        | Killed an orc sorcerer
  2445 | D        | Killed a death yak
  2655 | D        | Noticed a sixfirhy
  2655 | D        | Noticed a five-headed hydra
  2664 | D        | Killed a five-headed hydra
  2664 | D        | Killed a sixfirhy
  2665 | D        | Reached XP level 12. HP: 34/135 MP: 18/24
  3205 | D        | Noticed an eidolon
  3215 | D        | HP: 3/135 [eidolon (12)]
  3216 | D        | Slain by a black mamba

Illustrated notes

Levels and vault maps discovered:
D:        pitsprint [storerooms_1, entrance_room_1, metal_vault_1, armoury_2,
          mini_pit_1, grid_room_1, main_hall_1, silver_pit, the_coven_2,
          the_vestibule_1, steel_vault_4, golden_pit, hallway_of_sentries,
          crystal_vault_6, iron_vault_4, final_vault]

Skill      XL: |  1  2  3  4  5  6  7  8  9 10 11 |
---------------+----------------------------------+-----
Dodging        | 1 2 |  2.5
Stealth        | 7 9 10 | 10.7
Fighting       | 3 4 5 12 16 | 16.5
Polearms       | 3 4 6 7 9 12 15 18 | 18.0
Invocations    | 4 6 7 9 11 14 16 | 16.5
Long Blades    | 2 |  2.6
Armour         | 2 |  2.1
Short Blades   | |  2.0
Throwing       | |  1.7

Action                     |  1- 3 |  4- 6 |  7- 9 | 10-12 || total
---------------------------+-------+-------+-------+-------++-------
  Melee: Trident           |     9 |    49 |    15 |     9 ||    82
         Dagger            |     1 |       |       |       ||     1
         Halberd           |       |       |    17 |    47 ||    64
         Quarterstaff      |       |       |       |     5 ||     5
         Punch             |       |       |       |     1 ||     1
  Throw: Dart              |     1 |       |       |       ||     1
 Invoke: Slouch            |       |       |     6 |     9 ||    15
    Use: Potion            |       |     3 |       |     2 ||     5
         Scroll            |       |       |       |     1 ||     1
   Stab: Sleeping          |     1 |     5 |     6 |     4 ||    16
         Distracted        |     1 |       |       |     2 ||     3
 Armour: Robe              |     2 |    15 |     5 |    33 ||    55
  Dodge: Dodged            |     6 |    39 |    17 |    68 ||   130

Table legend: (Time is in decaauts)
 A = Elapsed time spent in this place.
 B = Non-inter-level travel time spent in this place.
 C = Inter-level travel time spent in this place.
 D = Time resting spent in this place.
 E = Time spent auto-exploring this place.
 F = Levels seen in this place.
 G = Mean time per level.
                   A        B        C        D        E       F      G
               +--------+--------+--------+--------+--------+-----+--------+
         Total |   4049 |   3866 |    183 |   2434 |    223 |   1 | 4049.0 |
       Dungeon |   4049 |   3866 |    183 |   2434 |    223 |   1 | 4049.0 |
               +--------+--------+--------+--------+--------+-----+--------+

Top non-repeatable levels by time:
       D: 4049 daAuts
